Map: 포트 알렉산더 - 래더

Players

Scarlett

  • Race: Zerg Zerg
  • Spawn Location: 5:00

soO - Winner!

  • Race: Zerg Zerg
  • Spawn Location: 11:00

Event: IEM Season 13 - Katowice Server Qualifiers America

VOD

Have the link to the VOD?

Description

Time

  • Played on: Jan. 6, 2019, 4:10 p.m.
  • Length: 7:37

All games in this series

Show
View Real Time Build Order
Export as new Build Order

Scarlett Zerg 

Build Orders: Hatch First 

Get SALT Encoding   

  12  0:00  Drone  
  13  0:12  Overlord  
  13  0:17  Drone  
  14  0:31  Drone x2  
  16  0:48  Hatchery  
  15  0:52  Drone  
  15  0:56  Drone  
  17  1:00  Drone  
  18  1:11  Extractor  
  17  1:15  Spawning Pool  
  17  1:18  Drone  
  17  1:21  Drone  
  18  1:28  Drone  
  19  1:39  Drone  
  20  1:51  Drone  
  21  2:01  Overlord, Queen x2, Drone  
  26  2:12  Drone  
  26  2:13  Metabolic Boost  
  27  2:16  Drone  
  28  2:24  Drone x2  
  30  2:33  Drone  
  30  2:34  Drone  
  32  2:45  Hatchery  
  32  2:47  Queen  
  33  2:52  Overlord  
  33  2:59  Baneling Nest, Zergling x2  
  33  3:01  Drone  
  33  3:05  Zergling x2  
  35  3:06  Drone  
  35  3:12  Drone x2  
  38  3:18  Drone x3  
  41  3:28  Evolution Chamber  
  40  3:34  Zergling x2  
  40  3:35  Zergling x4  
  43  3:42  Baneling  
  43  3:43  Baneling  
  43  3:44  Overlord  
  43  3:47  Zergling x2  
  44  3:50  Baneling  
  44  3:51  Baneling  
  44  3:54  Zerg Melee Weapons Level 1  
  44  3:56  Extractor  
  44  4:00  Zergling x2  
  44  4:01  Drone x6  
  50  4:10  Overlord  
  50  4:11  Drone x4  
  50  4:13  Extractor  
  53  4:22  Drone  
  53  4:23  Drone x2  
  56  4:29  Lair  
  55  4:33  Drone x5  
  55  4:35  Roach Warren  
  55  4:37  Drone  
  60  4:41  Zergling x6  
  63  4:49  Overlord  
  63  4:50  Drone x2  
  63  4:52  Overlord x2  
  65  5:07  Overlord  
  65  5:08  Overlord, Drone x7  
  71  5:17  Roach x4  
  71  5:20  Spine Crawler  
  78  5:22  Roach  
  78  5:25  Roach x2  
  84  5:29  Roach x2  
  84  5:32  Roach x2  
  84  5:43  Roach  
  84  5:44  Roach x5  
  96  5:50  Glial Reconstitution  
  96  5:53  Roach, Zergling x6  
  101  6:01  Overlord x2  
  101  6:02  Roach x2  
  101  6:03  Zergling x2  
  106  6:10  Overlord x2  
  106  6:19  Queen  
  100  6:26  Roach x6  
  100  6:27  Roach  
  100  6:32  Roach x2, Zergling x6  
  110  6:37  Roach x2  
  99  6:41  Roach  
  99  6:44  Roach x2  
  95  6:49  Roach, Zergling x6  
  95  6:54  Roach, Queen  
  80  6:56  Roach, Zergling x4  
  80  6:58  Roach  
  80  7:01  Roach  
  74  7:13  Roach  
Show
View Real Time Build Order
Export as new Build Order

soO Zerg - Winner!

Build Orders: Hatch First 

Get SALT Encoding   

  12  0:00  Drone  
  13  0:12  Overlord  
  13  0:17  Drone  
  14  0:30  Drone x2  
  14  0:33  Drone  
  17  0:51  Hatchery  
  17  0:54  Drone  
  17  0:58  Drone  
  18  1:08  Extractor  
  17  1:13  Spawning Pool  
  17  1:16  Drone  
  17  1:20  Drone  
  18  1:28  Drone  
  19  1:37  Overlord  
  19  1:50  Drone  
  20  1:59  Queen, Drone  
  23  2:02  Queen  
  23  2:03  Drone  
  26  2:08  Metabolic Boost  
  26  2:12  Drone  
  27  2:16  Drone  
  27  2:21  Drone  
  29  2:25  Drone  
  30  2:37  Hatchery  
  29  2:39  Drone  
  30  2:47  Baneling Nest  
  30  2:48  Drone  
  30  2:51  Drone  
  31  2:57  Overlord  
  31  3:04  Overlord, Drone x2  
  33  3:10  Zergling x6  
  36  3:14  Overlord  
  36  3:24  Zergling x4  
  36  3:25  Queen  
  40  3:29  Drone x2  
  42  3:35  Drone x2  
  42  3:40  Drone x3  
  47  3:41  Baneling x2  
  47  3:43  Drone  
  47  3:46  Drone  
  49  3:49  Drone  
  49  3:51  Zergling x2, Drone  
  52  3:57  Evolution Chamber  
  52  3:58  Drone  
  52  4:03  Roach Warren  
  52  4:04  Extractor  
  52  4:06  Extractor  
  49  4:10  Drone x2  
  49  4:11  Drone  
  49  4:13  Drone x2  
  54  4:20  Drone  
  54  4:21  Overlord, Drone  
  54  4:23  Overlord  
  57  4:24  Zergling x2  
  57  4:36  Overlord, Drone  
  58  4:38  Overlord  
  58  4:53  Overlord  
  58  4:54  Roach x7  
  58  4:55  Roach x2  
  76  5:01  Roach x2  
  80  5:07  Roach x3  
  85  5:17  Roach x4  
  93  5:21  Overlord  
  93  5:24  Roach x2  
  97  5:31  Overlord  
  97  5:32  Overlord  
  97  5:40  Roach  
  97  5:41  Roach x4  
  103  5:48  Overlord  
  103  5:50  Ravager x2, Zergling x6, Baneling x2  
  103  5:52  Zergling x2  
  103  5:56  Zergling x4  
  110  5:58  Zergling x4  
  110  6:01  Ravager  
  110  6:03  Ravager  
  114  6:05  Zergling x2  
  114  6:06  Zergling x4  
  114  6:11  Ravager, Zergling x10  
  122  6:21  Zergling x8  
  122  6:22  Zergling x2  
  122  6:23  Zergling x2  
  122  6:28  Zergling x2  
  122  6:31  Roach x2  
  115  6:33  Ravager  
  115  6:35  Zergling x10  
  112  6:40  Zergling x2  
  112  6:41  Ravager  
  112  6:42  Zergling x2  
  112  6:48  Zergling x2  
  112  6:53  Zergling x4  
  114  6:58  Zergling x2  
  114  6:59  Ravager  
  114  7:00  Ravager  
  116  7:03  Zergling x4  
  116  7:07  Zergling x2  
  111  7:16  Roach x2, Zergling x4  
  111  7:20  Zergling x2  

Tags
 
Add a new tag
Caveats
  • Supply blocks, unpowered buildings, or Contaminate may cause inaccurate times.
  • Supply counts are checked every 10 seconds.